 Dungeon Crawl Stone Soup version 0.22-a0-278-g8f80174 (webtiles) character file.

117 Vesto the Skirmisher (level 5, -1/33 HPs)
             Began as a Gargoyle Fighter on Mar 15, 2018.
             Slain by an ogre
             ... wielding a +0 giant club
              (12 damage)
             ... on level 4 of the Dungeon.
             The game lasted 00:02:17 (910 turns).

Vesto the Skirmisher (Gargoyle Fighter)              Turns: 910, Time: 00:02:18

Health: -1/33      AC:  9    Str: 19    XL:     5   Next: 1%
Magic:  6/6        EV:  8    Int: 10    God:
Gold:   20         SH:  9    Dex:  9    Spells: 6/6 levels left

rFire    . . .     SeeInvis .   a - +0 war axe
rCold    . . .     Gourm    .   c - +0 shield
rNeg     + . .     Faith    .   i - +0 ring mail (curse)
rPois    ∞         Spirit   .   (no helmet)
rElec    +         Reflect  .   (no cloak)
rCorr    .         Harm     .   (no gloves)
MR       .....                  (no boots)
Stlth    ..........             (no amulet)
HPRegen  0.11/turn              (no ring)
MPRegen  0.10/turn              (no ring)

@: no status effects
A: negative energy resistance 1, electricity resistance, unbreathing,
petrification resistance, rot immunity, AC +4
a: no special abilities


You were on level 4 of the Dungeon.
You were not hungry.

You visited 1 branch of the dungeon, and saw 4 of its levels.

You collected 20 gold pieces.

Inventory:

Hand Weapons
 a - a +0 war axe (weapon)
Armour
 b - a +0 scale mail
 c - a +0 shield (worn)
 i - a cursed +0 ring mail (worn)
Scrolls
 e - a scroll of random uselessness {unknown}
 g - 2 scrolls of blinking {unknown}
 h - 2 scrolls of identify {unknown}
 j - 2 scrolls of teleportation {unknown}
Potions
 k - a potion of ambrosia {unknown}
Comestibles
 d - 3 chunks of flesh
 f - a ration


   Skills:
 * Level 4.0 Fighting
 * Level 2.6 Axes
 + Level 1.0 Throwing
 + Level 3.6 Armour
 + Level 1.0 Dodging
 + Level 3.6 Shields
 + Level 1.1 Spellcasting


You had 6 spell levels left.
You didn't know any spells.

Dungeon Overview and Level Annotations

Branches:
Dungeon (4/15)
 Temple: D:4-7

Altars:
Ru


Innate Abilities, Weirdness & Mutations

You are resistant to torment.
Your stone body is resilient. (AC +4)
You are immune to poison.
You resist negative energy. (rN+)
You are resistant to electric shocks. (rElec)
You can survive without breathing.
You are immune to petrification.
You are immune to rotting.


Message History

The ogre hits you with a giant club!!
Ouch! That really hurt!
Your shield and ring mail prevent you from hitting the ogre.
The ogre closely misses you.
You hit the ogre.
The ogre is moderately wounded.
You block the ogre's attack.
You slash the ogre!
The ogre is severely wounded.
The ogre hits you but does no damage.
You completely miss the ogre.
The ogre is severely wounded.
The ogre barely misses you.
You hit the ogre.
The ogre is almost dead.
You block the ogre's attack.
You barely miss the ogre.
The ogre is severely wounded.
The ogre hits you with a giant club!
You die...

### #. #.. .# .. #.#
###. ## #. #.# ...
####### .. .. #@###.#
##.....## #.##. #O#...#
#..≈≈≈..# ... #.#...#
#..≈(≈..# #.####.#...#
#..≈≈≈..##
#..........###......<..
######.##......#######.
#.........####.# #.
#.####(........# #.
#.############## #.


You could see an ogre.

Vanquished Creatures
  Robin (D:3)
  4 adders
  3 gnolls (D:4)
  A worm (D:3)
  A leopard gecko (D:3)
  An orc (D:3)
  A ball python (D:3)
  7 goblins (D:3)
  6 hobgoblins (D:3)
  6 jackals
  2 kobolds
  3 bats
  2 rats
38 creatures vanquished.

Notes
Turn   | Place    | Note
-------+----------+-------------------------------------------
     0 | D:1      | Vesto the Gargoyle Fighter began the quest for the Orb.
     0 | D:1      | Reached XP level 1. HP: 14/14 MP: 1/1
   133 | D:2      | Reached XP level 2. HP: 13/19 MP: 2/2
   150 | D:3      | Noticed Robin
   158 | D:3      | Reached XP level 3. HP: 6/23 MP: 3/3
   160 | D:3      | Killed Robin
   564 | D:3      | Reached XP level 4. HP: 29/29 MP: 3/5
   640 | D:3      | Found a sacrificial altar of Ru.
   819 | D:4      | Reached skill level 1 in Spellcasting
   879 | D:4      | Reached skill level 4 in Fighting
   879 | D:4      | Reached skill level 1 in Dodging
   885 | D:4      | Reached skill level 1 in Throwing
   885 | D:4      | Reached XP level 5. HP: 33/33 MP: 6/6
   895 | D:4      | Noticed an ogre
   910 | D:4      | Slain by an ogre

Vault maps used:
D:1:      eino_arrival_water_star, minmay_tromino_mix6
D:3:      old_standard_altar, first_ration, uniq_robin
D:4:      kennysheep_spiral_hall, corexii_item_surrounded_by_moat, tgw_sif

Skill      XL: |  1  2  3  4 |
---------------+-------------+-----
Axes           | 2 |  2.6
Spellcasting   | 1 |  1.1
Fighting       | 4 |  4.0
Dodging        | 1 |  1.0
Throwing       | 1 |  1.0
Armour         | |  3.6
Shields        | |  3.6

Action                   |  1- 3 |  4- 6 || total
-------------------------+-------+-------++-------
Melee: War axe           |    78 |    52 ||   130
Throw: Throwing net      |       |     1 ||     1
  Use: Potion            |     1 |       ||     1
Armor: Scale mail        |    60 |     6 ||    66
       Ring mail         |       |    20 ||    20
Dodge: Dodged            |    35 |    14 ||    49
Block: Shield            |    53 |    41 ||    94

Table legend:
 A = Spawn XP
 B = Non-spawn XP
 C = Spawn XP percentage of total XP
 D = Spawn monster count
 E = Non-spawn monster count
 F = Spawn count percentage of total count
 G = Total turns spent on level
                    A         B        C        D         E        F      G
               +---------+---------+-------+---------+---------+-------+---------
         Total |       0 |     168 |   0.0 |       0 |      38 |   0.0 |   910
               +---------+---------+-------+---------+---------+-------+---------
           D:1 |       0 |       6 |   0.0 |       0 |       4 |   0.0 |    72
           D:2 |       0 |      15 |   0.0 |       0 |       2 |   0.0 |    77
           D:3 |       0 |      92 |   0.0 |       0 |      28 |   0.0 |   661
           D:4 |       0 |      55 |   0.0 |       0 |       4 |   0.0 |   100
               +---------+---------+-------+---------+---------+-------+---------
